 Dungeon Crawl Stone Soup version 0.23.2 (webtiles) character file.

Game seed: 16047751277150096121

524 MrTaco21 the Covered (level 7, -2/61 HPs)
             Began as a Minotaur Fighter on Oct 3, 2019.
             Slain by a centaur (7 damage)
             ... on level 4 of the Dungeon.
             The game lasted 00:15:53 (4655 turns).

MrTaco21 the Covered (Minotaur Fighter)             Turns: 4655, Time: 00:15:53

Health: -2/61      AC: 10    Str: 23    XL:     7   Next: 2%
Magic:  6/6        EV:  6    Int:  5    God:
Gold:   206        SH: 10    Dex:  9    Spells: 6/6 levels left

rFire    . . .     SeeInvis .   b - +0 morningstar (protect)
rCold    . . .     Gourm    .   c - +0 shield
rNeg     . . .     Faith    .   a - +0 chain mail
rPois    .         Spirit   .   (helmet restricted)
rElec    .         Reflect  .   (no cloak)
rCorr    .         Harm     .   (no gloves)
MR       .....                  (no boots)
Stlth    ..........             (no amulet)
HPRegen  0.20/turn              (no ring)
MPRegen  0.10/turn              (no ring)

@: starving
A: retaliatory headbutt, horns 2
a: no special abilities


You were on level 4 of the Dungeon.
You were starving.

You visited 1 branch of the dungeon, and saw 5 of its levels.

You collected 206 gold pieces.

Inventory:

Hand Weapons
 b - a +0 morningstar of protection (weapon)
Missiles
 v - a throwing net (quivered)
Armour
 a - a +0 chain mail (worn)
 c - a +0 shield (worn)
Jewellery
 l - a +2 ring of dexterity {unknown}
Scrolls
 j - 3 scrolls of teleportation {unknown}
 m - a scroll of amnesia {unknown}
 n - 2 scrolls of identify {unknown}
 o - 3 scrolls of immolation {unknown}
 q - a scroll of enchant armour {unknown}
 t - 2 scrolls of noise {unknown}
 u - 4 scrolls of remove curse {unknown}
Potions
 d - a potion of might
 e - 4 potions of curing {unknown}
 g - 2 potions of flight {unknown}
 h - a potion of resistance {unknown}
 i - a potion of heal wounds {unknown}
 k - a potion of agility {unknown}
 p - a potion of magic {unknown}
 r - a potion of degeneration {unknown}
 s - a potion of brilliance {unknown}
Comestibles
 f - 3 rations


   Skills:
 + Level 5.5 Fighting
 + Level 2.3 Maces & Flails
   Level 4.3 Polearms
 + Level 5.7 Armour
 - Level 1.0 Dodging
 + Level 5.6 Shields


You had 6 spell levels left.
You didn't know any spells.
Your spell library contained the following spells:

 Spells                   Type           Power        Failure   Level  Hunger
 Animate Skeleton         Necr           N/A          100%        1    ##.....
 Apportation              Tloc           #.....       100%        1    ##.....
 Confusing Touch          Hex            #.....       100%        1    ##.....
 Summon Small Mammal      Summ           #...         100%        1    ##.....


Dungeon Overview and Level Annotations

Branches:
Dungeon (5/15)
 Temple: D:4-7

Altars:
Ashenzari
Nemelex Xobeh
Okawaru
Sif Muna
Wu Jian
Zin

Annotations:
D:4 Menkaure
D:5 Pikel


Innate Abilities, Weirdness & Mutations

You reflexively headbutt those who attack you in melee.
You have a pair of horns on your head.


Message History

You see here 16 sling bullets.
You block the centaur's attack.
Menkaure calls on the powers of darkness!
The centaur convulses!
Something is bathed in an unholy light!
Your body is wracked with pain!
* * * LOW HITPOINT WARNING * * *
You block the centaur's attack.
The centaur hits you but does no damage.
Menkaure calls on the powers of darkness!
The centaur convulses!
Your body is wracked with pain!
* * * LOW HITPOINT WARNING * * *
The centaur hits you.
* * * LOW HITPOINT WARNING * * *
You block the centaur's attack. You block the centaur's attack.
The centaur completely misses you. You block the centaur's attack.
Menkaure murmurs in an indecipherable tongue.
The centaur hits you!
You die...

###.# #.# #.#
#...♣.♣.♣.♣..# # #.#
#.# #.# ##...♣.♣.♣...#
# #.# #.# #.#
#....♣.♣....# #
#.#######.# #.#
#.#...♣...#.# #
#.........# #.#
#...........# #
########..# #.#
#######...###
##########..# #M#
#.....# #...........#
#c####### #.....#
##########.## #.@.....#
#.....# ...........#
#######.# ##...##
.########### #.# #.###
.# #.# #.#
.############ #.# #.#
..##........# #.# #.#
.........##.## #.# #.#
.###.###.##..########.#
#.# .#
#.###.##...........#
#.#


You could see Menkaure and a centaur.

Vanquished Creatures
  3 orc wizards
  4 orc priests
  Jessica (D:3)
  2 iguanas (D:4)
  A worker ant (D:4)
  A hound skeleton (D:4)
  6 gnolls
  3 adders
  A dart slug (D:1)
  A leopard gecko (D:4)
  24 orcs
  2 ball pythons
  4 giant cockroaches
  7 goblins
  2 hobgoblins (D:2)
  9 jackals
  9 kobolds
  2 quokkas
  8 bats
  3 frilled lizards
  12 rats
105 creatures vanquished.

Notes
Turn   | Place    | Note
-------+----------+-------------------------------------------
     0 | D:1      | MrTaco21 the Minotaur Fighter began the quest for the Orb.
     0 | D:1      | Reached XP level 1. HP: 19/19 MP: 0/0
    64 | D:1      | Reached XP level 2. HP: 27/27 MP: 1/1
   608 | D:1      | Reached XP level 3. HP: 18/33 MP: 2/2
  1042 | D:2      | Found a faded altar of an unknown god.
  1174 | D:2      | Found a shattered altar of Ashenzari.
  1184 | D:2      | Reached XP level 4. HP: 40/40 MP: 3/3
  1219 | D:2      | Reached skill level 1 in Dodging
  1324 | D:2      | Found a deep blue altar of Sif Muna.
  1453 | D:2      | Found an ornate altar of the Wu Jian Council.
  1458 | D:2      | Found a glowing silver altar of Zin.
  1720 | D:3      | Noticed Jessica
  1727 | D:3      | Reached XP level 5. HP: 42/47 MP: 4/4
  1740 | D:3      | Killed Jessica
  1880 | D:3      | Reached skill level 5 in Armour
  2548 | D:4      | Reached skill level 5 in Shields
  2556 | D:4      | Found an iron altar of Okawaru.
  2618 | D:4      | Reached XP level 6. HP: 50/55 MP: 5/5
  2657 | D:4      | Reached skill level 5 in Fighting
  2657 | D:4      | Reached skill level 1 in Maces & Flails
  2813 | D:4      | HP: 2/56 [orc priest/divine providence (12)]
  3639 | D:4      | Found a sparkling altar of Nemelex Xobeh.
  3750 | D:5      | Entered Level 5 of the Dungeon
  3937 | D:5      | Noticed Menkaure
  4180 | D:5      | Noticed an orc warrior
  4308 | D:4      | Reached XP level 7. HP: 8/61 MP: 6/6
  4594 | D:5      | Noticed Pikel
  4646 | D:4      | HP: 3/61 [centaur (2)]
  4655 | D:4      | Slain by a centaur

Skill      XL: |  1  2  3  4  5  6 |
---------------+-------------------+-----
Armour         | 4 5 |  5.7
Polearms       | 3 4 |  4.3
Shields        | 4 5 |  5.6
Fighting       | 4 5 |  5.5
Dodging        | 1 |  1.0
Maces & Flails | 2 |  2.3

Action                   |  1- 3 |  4- 6 |  7- 9 || total
-------------------------+-------+-------+-------++-------
Melee: Trident           |    73 |   123 |       ||   196
       Headbutt          |     7 |    48 |     2 ||    57
       Morningstar       |       |   109 |     5 ||   114
  Eat: Chunk             |     1 |     9 |       ||    10
Armor: Scale mail        |    33 |    76 |       ||   109
       Chain mail        |       |    77 |    14 ||    91
Dodge: Dodged            |    23 |    77 |     6 ||   106
Block: Shield            |    43 |   160 |    14 ||   217
